 Dungeon Crawl Stone Soup version 0.27.0-1-g7a089689b8 (webtiles) character file.

Game seed: 873593847749434544

370 Crazydiamond the Ruffian (level 6, -9/48 HPs)
             Began as a Draconian Transmuter on Aug 16, 2021.
             Mangled by a gnoll (14 damage)
             ... on level 4 of the Dungeon.
             The game lasted 00:12:43 (4748 turns).

Crazydiamond the Ruffian (Draconian Transmuter)     Turns: 4748, Time: 00:12:44

Health: -9/48      AC:  7    Str: 14    XL:     6   Next: 42%
Magic:  7/10       EV: 12    Int: 14    God:
Gold:   159        SH:  0    Dex: 11    Spells: 7/11 levels left

rFire    . . .     SeeInvis .     - Unarmed
rCold    . . .     Faith    .   (no shield)
rNeg     . . .     Spirit   .   (armour unavailable)
rPois    .         Reflect  .   (helmet currently unavailable)
rElec    .         Harm     .   c - +0 cloak
rCorr    .         Rampage  .   (no gloves)
Will     .....                  (boots currently unavailable)
Stlth    +.........             (no amulet)
HPRegen  0.16/turn              (no ring)
MPRegen  0.12/turn              (no ring)

@: appendages (expiring), wereblooded
A: horns 2, talons 2, AC +6, unfitting armour, cold-blooded
a: End Transformation


You were on level 4 of the Dungeon.
You had temporarily grown beastly horns and talons.
You visited 1 branch of the dungeon, and saw 4 of its levels.

You collected 159 gold pieces.

Inventory:

Missiles
 b - 38 poisoned darts (quivered)
Armour
 c - a +0 cloak (worn)
Scrolls
 d - 2 scrolls of vulnerability
 i - a scroll of enchant weapon
 k - a scroll of holy word {unknown}
 l - 2 scrolls of teleportation {unknown}
 m - a scroll of enchant armour {unknown}
 n - a scroll of identify {unknown}
Potions
 a - a potion of ambrosia {unknown}
 e - a potion of attraction {unknown}
 f - a potion of degeneration {unknown}
 g - a potion of curing {unknown}
 h - 3 potions of brilliance {unknown}
 j - a potion of lignification {unknown}
 o - a potion of resistance {unknown}


   Skills:
 + Level 1.9 Fighting
 + Level 2.9 Dodging
 + Level 0.6 Stealth
 + Level 5.2 Unarmed Combat
 + Level 3.0 Spellcasting
 + Level 3.3 Transmutations


You had 7 spell levels left.
You knew the following spells:

 Your Spells              Type           Power      Damage    Failure   Level
a - Beastly Appendage     Tmut           22%        N/A       5%          1
b - Wereblood             Tmut           11%        N/A       9%          2
c - Sting                 Tmut/Pois      24%        1d4       11%         1

Your spell library contained the following spells:

 Spells                   Type           Power      Damage    Failure   Level
 Poisonous Vapours        Pois/Air       4%         N/A       32%         2
 Slow                     Hex            2%         N/A       32%         2
 Spider Form              Tmut/Pois      3%         N/A       32%         3
 Confusing Touch          Hex            2%         N/A       54%         3
 Vampiric Draining        Necr           1%         2d6       54%         3
 Ice Form                 Ice/Tmut       6%         N/A       71%         4
 Olgreb's Toxic Radiance  Pois           2%         N/A       91%         4


Dungeon Overview and Level Annotations

Branches:
Dungeon (4/15)
 Temple: D:4-7

Altars:
Xom

Shops:
D:1 (


Innate Abilities, Weirdness & Mutations

You have temporarily grown beastly horns and talons.
Your plain brown scales are hard. (AC +6)
You cannot fit into any form of body armour.
You are cold-blooded and may be slowed by cold attacks.


Message History

The gnoll closely misses you.
Your horns disappear.
Your talons disappear.
Things that are here:
a +0 club; an orc skeleton
Things that are here:
a +0 dagger; a +0 dagger
Casting: Beastly Appendage (safe; 5% risk of failure)
Confirm with . or Enter, or press ? or * to list all spells.
You grow a pair of large bovine horns.
Your feet morph into talons.
Casting: Beastly Appendage (safe; 5% risk of failure)
Confirm with . or Enter, or press ? or * to list all spells.
Your blood is infused with primal strength.
Casting: Wereblood (safe; 9% risk of failure)
Confirm with . or Enter, or press ? or * to list all spells.
You fail to extend your transformation any further.
The gnoll closely misses you. The gnoll closely misses you.
You hit the gnoll. Your headbutt misses the gnoll.
The gnoll is lightly wounded.
The gnoll hits you with a +0 halberd!
You closely miss the gnoll.
The gnoll is lightly wounded.
The gnoll completely misses you.
You barely miss the gnoll. Your headbutt misses the gnoll.
The gnoll is lightly wounded.
Your transformation is almost over.
The gnoll hits you with a +0 halberd.
You hit the gnoll but do no damage. You claw the gnoll.
Your headbutt misses the gnoll.
The gnoll is moderately wounded.
The gnoll hits you with a +0 halberd.
* * * LOW HITPOINT WARNING * * *
You hit the gnoll. You claw the gnoll, but do no damage.
The gnoll is severely wounded.
The gnoll hits you with a +0 halberd!
* * * LOW HITPOINT WARNING * * *
You closely miss the gnoll. Your kick misses the gnoll.
The gnoll is severely wounded.
The gnoll hits you with a +0 halberd!
You die...

. .. .# ########## #.. .# #. ...
.........###.. ..###.# ###..
########..<#.. ...... ....###
###.).. #...###)# ... ###..
#...)...# #.### ##.) #.....###
#...### ###... #.....#
#####...## #..... #.....#
#....@...# ####..... #.....#
#....g...# ###........ ##.....##
#........###...#....## ........#
##...................#
........###....................#
........))..#####......#.......#
........##### #....########.##
.......>## #####.......###...##
.........####...........##.>#..#


You could see a gnoll.

Vanquished Creatures
  An ogre (D:4)
  A jelly (D:4)
  A bullfrog zombie (D:4)
  An orc wizard (D:3)
  4 gnolls
  4 adders
  2 worms (D:2)
  A dart slug (D:1)
  16 orcs
  An endoplasm (D:4)
  5 giant cockroaches
  6 goblins
  11 hobgoblins
  7 jackals
  5 kobolds
  3 quokkas
  6 ball pythons
  2 bats
  2 frilled lizards (D:1)
  A jackal skeleton (D:4)
  4 rats
84 creatures vanquished.

Vanquished Creatures (others)
  A demonic plant (D:1)
  5 withered plants (D:1)
6 creatures vanquished.

Grand Total: 90 creatures vanquished

Notes
Turn   | Place    | Note
-------+----------+-------------------------------------------
     0 | D:1      | Crazydiamond the Draconian Transmuter began the quest for
                  | the Orb.
     0 | D:1      | Reached XP level 1. HP: 16/16 MP: 3/3
   165 | D:1      | Reached XP level 2. HP: 23/23 MP: 5/5
   320 | D:1      | Found Poxibaf's Antique Weapon Emporium.
   514 | D:1      | Found a faded altar of an unknown god.
   754 | D:1      | Reached XP level 3. HP: 13/28 MP: 6/6
   757 | D:1      | Learned a level 2 spell: Wereblood
   759 | D:1      | Learned a level 1 spell: Sting
  1980 | D:2      | Reached XP level 4. HP: 28/35 MP: 4/7
  2760 | D:3      | Found a shimmering altar of Xom.
  2946 | D:3      | Reached skill level 4 in Unarmed Combat
  3593 | D:3      | Reached XP level 5. HP: 35/40 MP: 3/9
  4113 | D:4      | Noticed an ogre
  4124 | D:4      | Killed an ogre
  4125 | D:4      | Reached XP level 6. HP: 26/48 MP: 7/10
  4279 | D:4      | Reached skill level 5 in Unarmed Combat
  4748 | D:4      | Mangled by a gnoll

Illustrated notes

Levels and vault maps discovered:
D:1:      moated_graveyard_arrival, layout_loops_ring, serial_shops, shop,
          shapermc_ecumenical_altar_gd, minmay_cut_off
D:2:      layout_basic
D:3:      layout_rooms, mainiacjoe_overflow_concentric_impassable,
          palyth_stone_intersect
D:4:      layout_rooms, nemelex_dance_club_becter

Skill      XL: |  1  2  3  4  5  6 |
---------------+-------------------+-----
Dodging        | 2 |  2.9
Unarmed Combat | 4 5 |  5.2
Transmutations | 3 |  3.3
Spellcasting   | 3 |  3.0
Fighting       | |  1.9
Stealth        | |  0.6

Action                   |  1- 3 |  4- 6 || total
-------------------------+-------+-------++-------
Melee: Unarmed           |   147 |   195 ||   342
       Tailslap          |    20 |    20 ||    40
       Headbutt          |    10 |    23 ||    33
       Kick              |    13 |    36 ||    49
       Punch             |       |     2 ||     2
 Cast: Beastly Appendage |    22 |    35 ||    57
       Sting             |     1 |     3 ||     4
       Wereblood         |       |     4 ||     4
  Use: Scroll            |       |     6 ||     6
Armor: Skin              |    29 |    48 ||    77
Dodge: Dodged            |    70 |   122 ||   192
